 Dungeon Crawl Stone Soup version 0.21.1-1-g345015f (webtiles) character file.

117 wojtek the Chopper (level 4, -3/39 HPs)
             Began as a Minotaur Fighter on July 22, 2018.
             Slain by a sky beast (6 damage)
             ... on level 3 of the Dungeon.
             The game lasted 00:02:04 (2035 turns).

wojtek the Chopper (Minotaur Fighter)               Turns: 2035, Time: 00:02:05

Health: -3/39      AC:  8    Str: 22    XL:     4   Next: 71%
Magic:  3/3        EV:  7    Int:  5    God:
Gold:   95         SH:  9    Dex:  9    Spells: 3/3 levels left

rFire    . . .     SeeInvis .   a - +0 war axe
rCold    . . .     Gourm    .   c - +0 shield
rNeg     . . .     Faith    .   b - +0 scale mail
rPois    .         Spirit   .   (helmet restricted)
rElec    .         Reflect  .   (no cloak)
rCorr    .         Harm     .   m - +0 pair of gloves
MR       .....                  (no boots)
Stlth    ..........             (no amulet)
HPRegen  0.13/turn              (no ring)
MPRegen  0.08/turn              (no ring)

@: no status effects
A: retaliatory headbutt, horns 2
a: no special abilities


You were on level 3 of the Dungeon.
You were not hungry.

You visited 1 branch of the dungeon, and saw 3 of its levels.

You collected 95 gold pieces.

Inventory:

Hand Weapons
 a - a +0 war axe (weapon)
Armour
 b - a +0 scale mail (worn)
 c - a +0 shield (worn)
 m - a +0 pair of gloves (worn)
Jewellery
 l - an uncursed ring of poison resistance {unknown}
Scrolls
 g - 2 scrolls of magic mapping {unknown}
 h - a scroll of remove curse {unknown}
 j - 3 scrolls of enchant armour {unknown}
 n - 2 scrolls of enchant weapon {unknown}
 o - 5 scrolls of identify {unknown}
 t - a scroll of immolation {unknown}
Potions
 d - 2 potions of might
 e - 3 potions of curing {unknown}
 i - a potion of brilliance {unknown}
 k - a potion of invisibility {unknown}
 p - a potion of flight {unknown}
 q - a potion of heal wounds {unknown}
 s - 2 potions of haste {unknown}
Comestibles
 f - 6 rations
 r - 3 chunks of flesh


   Skills:
 + Level 3.6 Fighting
 + Level 6.0 Axes
 + Level 3.6 Armour
 + Level 0.0 Dodging
 + Level 3.6 Shields


You had 3 spell levels left.
You didn't know any spells.

Dungeon Overview and Level Annotations

Branches:
Dungeon (3/15)

Altars:
Ashenzari
Nemelex Xobeh

Annotations:
D:3 VersusAllOdds's ghost, amateur GrFi


Innate Abilities, Weirdness & Mutations

You reflexively headbutt those who attack you in melee.
You have a pair of horns on your head.


Message History

The sky beast closely misses you. You furiously retaliate!
You headbutt the sky beast. You hit the sky beast but do no damage.
Your headbutt misses the sky beast.
The sky beast is severely wounded.
The sky beast hits you. The sky beast shocks you.
You are too injured to fight recklessly!
You are too injured to fight recklessly!
The sky beast hits you.
* * * LOW HITPOINT WARNING * * *
The sky beast shocks you.
* * * LOW HITPOINT WARNING * * *
You slash the sky beast! Your headbutt misses the sky beast.
The sky beast is almost dead.
The sky beast flickers out of sight!
Deactivating autopickup; reactivate with Ctrl-A.
You block something's attack.
You barely miss something. Something hits you.
* * * LOW HITPOINT WARNING * * *
Something shocks you.
You die...

.....#......#..#
........
............#..#
.........
.....#....K.#..#
..........
.....#......+...
..........
............#....
................ #
..................
......#(#####..#.
.........{@....#
#####.#.#####..#
#.#>. ..# # #.. .
#... +... #.... #.


There were no monsters in sight!

Vanquished Creatures
  4 adders
  2 oozes
  A worm (D:2)
  3 leopard geckos
  3 orcs (D:3)
  5 giant cockroaches
  6 goblins
  4 hobgoblins
  7 jackals (D:2)
  3 kobolds
  2 quokkas
  A ball python (D:2)
  8 bats
  2 frilled lizards
  7 rats
58 creatures vanquished.

Notes
Turn   | Place    | Note
-------+----------+-------------------------------------------
     0 | D:1      | wojtek the Minotaur Fighter began the quest for the Orb.
     0 | D:1      | Reached XP level 1. HP: 19/19 MP: 0/0
    54 | D:1      | Reached skill level 3 in Axes
    78 | D:1      | Reached XP level 2. HP: 24/26 MP: 1/1
   227 | D:1      | Reached skill level 4 in Axes
   351 | D:1      | Found a sparkling altar of Nemelex Xobeh.
   578 | D:2      | Reached XP level 3. HP: 24/31 MP: 2/2
   758 | D:2      | Found a shattered altar of Ashenzari.
   803 | D:2      | Reached skill level 5 in Axes
   973 | D:2      | Reached XP level 4. HP: 32/39 MP: 3/3
  1650 | D:3      | Noticed VersusAllOdds's ghost (amateur GrFi)
  1973 | D:3      | Reached skill level 6 in Axes
  2018 | D:3      | Noticed a sky beast
  2035 | D:3      | Slain by a sky beast

Skill      XL: |  1  2  3  4 |
---------------+-------------+-----
Axes           | 3 4 5 6 |  6.0
Fighting       | |  3.6
Armour         | |  3.6
Shields        | |  3.6

Action                   |  1- 3 |  4- 6 || total
-------------------------+-------+-------++-------
Melee: War axe           |    77 |    75 ||   152
       Headbutt          |    10 |    10 ||    20
  Eat: Chunk             |       |     4 ||     4
Armor: Scale mail        |    41 |    37 ||    78
Dodge: Dodged            |    32 |     8 ||    40
Block: Shield            |    44 |    33 ||    77
